 Dungeon Crawl Stone Soup version 0.22.1-1-ga44c0e5 (webtiles) character file.

42 namelastname112 the Vexing (level 3, 0/25 HPs)
             Began as a Vampire Enchanter on Oct 6, 2018.
             Slain by an adder (4 damage)
             ... on level 2 of the Dungeon.
             The game lasted 00:04:59 (2164 turns).

namelastname112 the Vexing (Vampire Enchanter)      Turns: 2164, Time: 00:05:00

Health: 0/25       AC:  2    Str:  7    XL:     3   Next: 35%
Magic:  0/6        EV: 13    Int: 17    God:
Gold:   51         SH:  0    Dex: 15    Spells: 3/6 levels left

rFire    + . .     SeeInvis +   a - +1 dagger
rCold    + + .     Gourm    .   (no shield)
rNeg     + + .     Faith    .   b - +0 robe
rPois    +         Spirit   .   (no helmet)
rElec    +         Reflect  .   (no cloak)
rCorr    +         Harm     .   (no gloves)
MR       .....                  (no boots)
Stlth    ++++......             (no amulet)
HPRegen  0.04/turn              (no ring)
MPRegen  0.10/turn              (no ring)

@: resistant, very slightly contaminated, regenerating slowly
A: fangs 3, see invisible, unbreathing
a: Bat Form


You were on level 2 of the Dungeon.
You were near bloodless.

You visited 1 branch of the dungeon, and saw 2 of its levels.

You collected 51 gold pieces.

Inventory:

Hand Weapons
 a - a +1 dagger (weapon)
Armour
 b - a +0 robe (worn)
Scrolls
 e - a scroll of fear {unknown}
 h - a scroll of amnesia {unknown}
 i - a scroll of blinking {unknown}
Potions
 d - 10 potions of blood
 f - a potion of haste {unknown}
 g - a potion of cancellation {unknown}
 j - a potion of curing {unknown}


   Skills:
 + Level 0.8 Fighting
 + Level 1.6 Short Blades
 + Level 2.6 Dodging
 + Level 4.8 Stealth
 + Level 2.4 Spellcasting
 + Level 4.8 Hexes


You had 3 spell levels left.
You knew the following spells:

 Your Spells              Type           Power        Failure   Level  Hunger
b - Corona                Hex            ###....      2%          1    #......
z - Ensorcelled Hibernat  Hex/Ice        ##....       11%         2    ##.....

Your spell library contained the following spells:

 Spells                   Type           Power        Failure   Level  Hunger
 Confuse                  Hex            ###.....     8%          3    ###....
 Tukima's Dance           Hex            ###.....     8%          3    ###....
 Dazzling Spray           Conj/Hex       ##....       21%         3    ###....


Dungeon Overview and Level Annotations

Branches:
Dungeon (2/15)

Altars:
Nemelex Xobeh


Innate Abilities, Weirdness & Mutations

You heal slowly.
You have razor-sharp teeth.
You have supernaturally acute eyesight. (SInv)
You can survive without breathing.


Message History

The adder bites you.
* * * LOW HITPOINT WARNING * * *
You take 1 damage, and have 7/25 hp.
There is a stone staircase leading up here.
The adder bites you.
* * * LOW HITPOINT WARNING * * *
You take 3 damage, and have 4/25 hp.
Casting: Ensorcelled Hibernation (safe; 11% risk of failure)
Confirm with . or Enter, or press ? or * to list all spells.
Aiming: Ensorcelled Hibernation (safe; 11% risk of failure)
Press: ? - help, Shift-Dir - straight line, f/p - adder
Aim: an adder (moderately wounded, chance to defeat MR: 50%)
The adder resists with some effort.
You feel almost devoid of blood! The adder bites you but does no damage.
You now have 0/6 mp.
It was a potion of resistance.
You feel protected. The adder bites you.
You die...

######### #############
........###....#......# #
...............#......##### #
...............#..........# #
...............#..........#######
.........##....####..............
##.#####.........##..............
#... #........@S.<.............
#...####....<....##..............
#...................###########..
#.........##........# #......##..
#.............##....# #......###.
#.............####### #......###.
.................# #.......##.
..##.............######.......##.
.................................


You could see an adder.

Vanquished Creatures
  An adder (D:2)
  A dart slug (D:1)
  3 giant cockroaches
  3 goblins (D:1)
  3 hobgoblins
  2 kobolds (D:1)
  A quokka (D:2)
  7 bats
  4 frilled lizards
  7 rats
32 creatures vanquished.

Notes
Turn   | Place    | Note
-------+----------+-------------------------------------------
     0 | D:1      | namelastname112 the Vampire Enchanter began the quest for
                  | the Orb.
     0 | D:1      | Reached XP level 1. HP: 13/13 MP: 3/3
    41 | D:1      | Malog: XD
   434 | D:1      | Malog: выходи из подземелья нахуй
   442 | D:1      | Malog: бля чёт ору
   448 | D:1      | Malog: зашёл в данж
   464 | D:1      | Malog: нарвался на таракана с гоблином
   729 | D:1      | Malog: xd
   735 | D:1      | Malog: опять
   742 | D:1      | Malog: шакалы
   787 | D:1      | Reached XP level 2. HP: 20/20 MP: 5/5
   791 | D:1      | Learned a level 2 spell: Ensorcelled Hibernation
   867 | D:1      | Malog: там мёд был
   869 | D:1      | Malog: а его не съешь
   872 | D:1      | Malog: пиздец
  1007 | D:1      | Malog: XD
  1007 | D:1      | namelastname112: мед в хлеб превратился
  1007 | D:1      | namelastname112: охуеть
  1011 | D:1      | Malog: да, пиздец
  1129 | D:1      | You fall through a shaft!
  1129 | D:2      | Found a sparkling altar of Nemelex Xobeh.
  1278 | D:2      | Malog: у немелекса алтарь красивый
  1278 | D:2      | Reached XP level 3. HP: 25/25 MP: 6/6
  2072 | D:2      | Malog: хули тебя так все пиздят
  2075 | D:2      | Malog: у меня нормальное начало быо
  2136 | D:2      | Malog: пиздуй ниже тут проснулись все
  2164 | D:2      | Slain by an adder

Action                   || total
-------------------------++-------
Melee: Dagger            ||   128
       Bite              ||    11
 Cast: Corona            ||     1
       Ensorcelled Hiber ||    20
  Use: Potion            ||     2
 Stab: Sleeping          ||    15
Armor: Robe              ||    47
Dodge: Dodged            ||   131
